 Dungeon Crawl Stone Soup version 0.21-a0-426-g98080a9 (webtiles) character file.

1127 mastercheaf21 the Basher (level 8, -5/71 HPs)
             Began as a Minotaur Berserker on Nov 6, 2017.
             Was a Believer of Trog.
             Slain by Grinder (6 damage)
             ... while paralysed by Grinder
             ... on level 4 of the Dungeon.
             The game lasted 00:26:10 (4946 turns).

mastercheaf21 the Basher (Minotaur Berserker)       Turns: 4946, Time: 00:26:10

Health: -5/71      AC:  6    Str: 24    XL:     8   Next: 13%
Magic:  7/7        EV:  2    Int:  4    God:    Trog [**....]
Gold:   207        SH:  0    Dex: 10    Spells: 7/7 levels left

rFire    . . .     SeeInvis +   a - +0 mace
rCold    + . .     Gourm    .   (no shield)
rNeg     . . .     Faith    .   S - +3 leather armour {rC+}
rPois    .         Spirit   .   (helmet restricted)
rElec    .         Reflect  +   d - scarf {cloud immunity}
rCorr    .         Harm     .   (no gloves)
MR       .....                  (no boots)
Stlth    ++........             y - +3 amulet of reflection
HPRegen  0.21/turn              g - ring of see invisible
MPRegen  0.10/turn              u - ring of stealth

@: paralysed, lethally poisoned (-5 -> -6)
A: retaliatory headbutt, horns 2
a: Berserk, Trog's Hand, Burn Spellbooks, Renounce Religion


You were on level 4 of the Dungeon.
You worshipped Trog.
Trog was pleased with you.
You were not hungry.

You visited 1 branch of the dungeon, and saw 4 of its levels.

You collected 207 gold pieces.

Inventory:

Hand Weapons
 a - a +0 mace (weapon)
 x - a +0 war axe
 z - a +0 hand crossbow
 D - a +0 short sword of venom
 G - the +4 quarterstaff of Moral Flaws {freeze, +Blink, unknown}
   (You found it on level 4 of the Dungeon)

   It has been specially enchanted to freeze those struck by it, causing extra
   injury to most foes and up to half again as much damage against particularly
   susceptible opponents.
   It can also slow down cold-blooded creatures.
   It lets you blink.
 R - a +0 dagger
Missiles
 f - 70 stones (quivered)
 n - 16 poisoned needles
 t - 3 javelins
Armour
 d - a scarf of cloud immunity (worn)
 J - a +0 scale mail
 O - the cursed +1 scale mail of Filth {rN+, unknown}
   (You found it on level 4 of the Dungeon)

   It protects you from negative energy.
   It has a curse placed upon it.
 S - a +3 leather armour of cold resistance (worn)
Jewellery
 c - an uncursed ring of stealth
 g - a ring of see invisible (left hand)
 q - an uncursed ring of positive energy {unknown}
 u - a ring of stealth (right hand)
 y - a +3 amulet of reflection (around neck)
 B - an uncursed amulet of harm
Wands
 w - a wand of paralysis (14/24)
 Q - a wand of lightning (5/15)
Scrolls
 e - 4 scrolls of remove curse {unknown}
 k - 5 scrolls of identify {unknown}
 m - a scroll of enchant weapon {unknown}
 s - a scroll of random uselessness {unknown}
 v - 3 scrolls of magic mapping {unknown}
 A - a scroll of noise {unknown}
 C - 2 scrolls of amnesia {unknown}
 E - a scroll of enchant armour {unknown}
 H - 2 scrolls of teleportation {unknown}
 L - a scroll of recharging {unknown}
 M - a scroll of blinking {unknown}
Potions
 h - 5 potions of curing {unknown}
 i - a potion of invisibility {unknown}
 j - 2 potions of heal wounds {unknown}
 o - a potion of berserk rage {unknown}
 p - 2 potions of brilliance {unknown}
 F - a potion of agility {unknown}
 I - a potion of ambrosia {unknown}
 P - a potion of degeneration {unknown}
Comestibles
 l - 2 meat rations
 r - 4 fruits
 K - 2 royal jellies


   Skills:
 * Level 6.9 Fighting
 + Level 10.4 Maces & Flails
 - Level 2.4 Armour
 + Level 2.3 Dodging


You had 7 spell levels left.
You didn't know any spells.

Dungeon Overview and Level Annotations

Branches:
Dungeon (4/15)
 Temple: D:4-7

Altars:
Ashenzari
Elyvilon
Makhleb
Nemelex Xobeh
Trog

Annotations:
D:4 Grinder


Innate Abilities, Weirdness & Mutations

You reflexively headbutt those who attack you in melee.
You have a pair of horns on your head.


Message History

Grinder blinks!
Grinder hits you.
You writhe in agony.
You feel sick.
You hit Grinder.
Grinder is almost dead.
Grinder gestures at you.
You suddenly lose the ability to move!
Grinder grins, showing sharp teeth.
Grinder gestures at you.
You shrug off the repeated paralysis!
You feel sick. Grinder hits you.
You writhe in agony.
Grinder hits you!
* * * LOW HITPOINT WARNING * * *
Grinder gestures at you. Pain shoots through your body!
* * * LOW HITPOINT WARNING * * *
* * * LOW HITPOINT WARNING * * *
You feel sick. Grinder hits you but does no damage. Grinder hits you.
You die...

.. #.....#.....##<##.##
...##......."...........
............... ...#.##
#<.....########.#...
#...†[>.............
#......###.##.#.#...
#.†....# #.#.#.##
#..5...## #.......
#..@...#. ##......
#......#. #......
#####......#. #......
#..........#.#####......
#.##.........<..........
#.##......#######.......
#.##......##............
#.####.##.##.#####......
#.........##.# ...####


You could see Grinder.

Vanquished Creatures
  The ghost of Autsider the Digger, an amateur GrEE of Vehumet (D:4)
  Menkaure (D:4)
  A phantom (D:4)
  2 elf zombies (D:4)
  6 elf skeletons (D:4)
  A crimson imp (D:4)
  A human zombie (D:4)
  Ijyb (D:4)
  A human skeleton (D:4)
  2 worker ants (D:4)
  A hound skeleton (D:4)
  4 adders
  An adder skeleton (D:4)
  A worm (D:2)
  3 dart slugs
  5 orcs
  2 ball pythons
  7 giant cockroaches
  5 hobgoblins
  3 jackals (D:3)
  A quokka (D:2)
  12 bats
  4 frilled lizards
  4 kobolds
  An orc skeleton (D:4)
  5 rats
  A plant (D:4)
77 creatures vanquished.

Notes
Turn   | Place    | Note
-------+----------+-------------------------------------------
     0 | D:1      | mastercheaf21 the Minotaur Berserker began the quest for the Orb.
     0 | D:1      | Reached XP level 1. HP: 19/19 MP: 0/0
   388 | D:1      | Reached skill level 4 in Maces & Flails
   401 | D:1      | Reached XP level 2. HP: 27/27 MP: 1/1
  1247 | D:2      | Reached XP level 3. HP: 22/33 MP: 2/2
  1700 | D:2      | Reached skill level 5 in Maces & Flails
  1806 | D:2      | Reached ** piety under Trog
  2113 | D:3      | Found a shattered altar of Ashenzari.
  2615 | D:3      | Found a sparkling altar of Nemelex Xobeh.
  2967 | D:3      | Reached XP level 4. HP: 41/41 MP: 3/3
  3038 | D:4      | Noticed Autsider's ghost (amateur GrEE)
  3050 | D:4      | Killed Autsider's ghost
  3050 | D:4      | Reached skill level 5 in Fighting
  3050 | D:4      | Reached skill level 6 in Maces & Flails
  3050 | D:4      | Reached XP level 5. HP: 17/48 MP: 4/4
  3249 | D:4      | Got a pitted quarterstaff
  3286 | D:4      | Reached skill level 7 in Maces & Flails
  3329 | D:4      | Reached XP level 6. HP: 56/56 MP: 5/5
  3366 | D:4      | Got a shimmering scale mail
  3409 | D:4      | Noticed Ijyb
  3423 | D:4      | Killed Ijyb
  3476 | D:4      | Reached skill level 8 in Maces & Flails
  3559 | D:4      | Reached XP level 7. HP: 46/62 MP: 6/6
  3898 | D:4      | Reached skill level 9 in Maces & Flails
  4215 | D:4      | Found a white marble altar of Elyvilon.
  4217 | D:4      | Found a bloodstained altar of Trog.
  4220 | D:4      | Found a burning altar of Makhleb.
  4367 | D:4      | Reached skill level 10 in Maces & Flails
  4623 | D:4      | Noticed Menkaure
  4638 | D:4      | Killed Menkaure
  4638 | D:4      | Reached XP level 8. HP: 30/71 MP: 7/7
  4910 | D:4      | Noticed Grinder
  4928 | D:4      | Paralysed by Grinder for 4 turns
  4940 | D:4      | Paralysed by Grinder for 7 turns
  4944 | D:4      | HP: 2/71 [Grinder/nerve-wracking pain (13)]
  4946 | D:4      | Slain by Grinder

Vault maps used:
D:1:      lordsloth_arrival_two_stooges, lemuel_another_geyser
D:2:      first_bread
D:3:      nemelex_xobeh_ov_fountains_minmay, evilmike_ruin_ashenzari
D:4:      gammafunk_temple_overflow_forgotten, nicolae_ossuary_entry_catacombs,
          uniq_menkaure, uniq_ijyb, uniq_grinder

Skill      XL: |  1  2  3  4  5  6  7 |
---------------+----------------------+-----
Maces & Flails | 4 5 6 7 8 10 | 10.4
Fighting       | 4 5 6 |  6.9
Armour         | |  2.4
Dodging        | |  2.3

Action                   |  1- 3 |  4- 6 |  7- 9 || total
-------------------------+-------+-------+-------++-------
Melee: Mace              |    83 |    58 |   148 ||   289
       Headbutt          |    14 |    18 |    30 ||    62
Throw: Stone             |       |       |     2 ||     2
 Stab: Sleeping          |     1 |     1 |     2 ||     4
  Eat: Bread ration      |     2 |       |     1 ||     3
       Fruit             |       |       |     2 ||     2
       Chunk             |       |       |     1 ||     1
Armor: Animal skin       |    25 |       |       ||    25
       Leather armour    |     6 |     9 |    30 ||    45
Dodge: Dodged            |    99 |    18 |    38 ||   155
Block: Other             |       |       |    13 ||    13

Table legend:
 A = Spawn XP
 B = Non-spawn XP
 C = Spawn XP percentage of total XP
 D = Spawn monster count
 E = Non-spawn monster count
 F = Spawn count percentage of total count
 G = Total turns spent on level
                    A         B        C        D         E        F      G
               +---------+---------+-------+---------+---------+-------+---------
         Total |       0 |    1610 |   0.0 |       0 |      76 |   0.0 |  4946
               +---------+---------+-------+---------+---------+-------+---------
           D:1 |       0 |      25 |   0.0 |       0 |      15 |   0.0 |  1175
           D:2 |       0 |      49 |   0.0 |       0 |      19 |   0.0 |   829
           D:3 |       0 |      23 |   0.0 |       0 |      13 |   0.0 |  1033
           D:4 |       0 |    1513 |   0.0 |       0 |      29 |   0.0 |  1909
               +---------+---------+-------+---------+---------+-------+---------
